 Dungeon Crawl Stone Soup version 0.31-a0-1603-gbec6b6ccbf (webtiles) character file.

Game seed: 5388981325267133307

44036 croobank the Black Sun (level 13, -9/63 HPs)
             Began as a Felid Summoner on Jan 7, 2024.
             Was a High Priest of Kikubaaqudgha.
             Killed by divine providence
             ... invoked by an orc priest
              (15 damage)
             ... on level 1 of the Orcish Mines.
             The game lasted 01:42:09 (15447 turns).

croobank the Black Sun (Felid Summoner)            Turns: 15447, Time: 01:42:10

Health: -9/63      AC:  3    Str:  4    XL:     13   Next: 94%
Magic:  33/40      EV: 21    Int: 31    God:    Kikubaaqudgha [*****.]
Gold:   897        SH:  0    Dex: 16    Spells: 10/38 levels left
                                        Lives:  0   Deaths: 4

rFire   . . .        (weapon unavailable)
rCold   + . .        (shield unavailable)
rNeg    . . .        (body armour unavailable)
rPois   .            (helmet unavailable)
rElec   .            (cloak unavailable)
rCorr   .            (gloves unavailable)
SInv    +            (boots unavailable)
Will    +....        b - amulet of magic regeneration
Stlth   ++++         o - +6 ring of intelligence
HPRegen 0.30/turn    j - ring of magical power
MPRegen 0.67/turn

%: no passive effects
@: inugami summoned
A: very small, claws 1, fangs 3, see invisible, shaggy fur 3, stealthy paws, no
weapons or thrown items, no armour, multi-lived
a: Renounce Religion, Unearth Wretches, Torment


You were on level 1 of the Orcish Mines.
You worshipped Kikubaaqudgha.
Kikubaaqudgha was extremely pleased with you.
You visited 3 branches of the dungeon, and saw 15 of its levels.
You also visited: Bailey.

You collected 1437 gold pieces.
You spent 540 gold pieces at shops.

Inventory:

Jewellery
 b - an amulet of magic regeneration (around neck)
 j - a ring of magical power (right paw)
 n - an amulet of faith
 o - a +6 ring of intelligence (left paw)
 v - an amulet of the acrobat
 C - a ring of protection from cold
 F - a +5 ring of evasion
Wands
 e - a wand of flame (60)
 k - a wand of iceblast (6)
 p - a wand of polymorph (7)
 u - a wand of acid (4)
 G - a wand of paralysis (7)
Scrolls
 c - 3 scrolls of identify
 f - a scroll of teleportation
 h - 5 scrolls of noise
 l - 3 scrolls of poison
 m - 3 scrolls of torment
 w - 2 scrolls of fear
 z - a scroll of acquirement {unknown}
 B - a scroll of immolation
 E - a scroll of revelation
 I - a scroll of butterflies {unknown}
Potions
 a - 4 potions of magic
 d - 4 potions of enlightenment
 g - a potion of might
 q - 4 potions of attraction
 r - 4 potions of lignification {unknown}
 t - 3 potions of invisibility {unknown}
 x - a potion of brilliance
 A - 2 potions of haste {unknown}
 D - 3 potions of mutation {unknown}


   Skills:
 - Level 4.7 Fighting
 - Level 7.0 Dodging
 - Level 7.5 Stealth
 * Level 13.3 Spellcasting
 - Level 8.2 Summonings
 + Level 13.5 Necromancy
 - Level 3.5 Translocations
 - Level 5.9 Fire Magic
 - Level 5.9 Air Magic


You had 10 spell levels left.
You knew the following spells:

 Your Spells              Type           Power      Damage    Failure   Level
a - Summon Small Mammal   Summ           100%       N/A       1%          1
c - Call Canine Familiar  Summ           64%        N/A       1%          3
d - Summon Blazeheart Go  Fire/Summ      59%        N/A       1%          4
e - Summon Lightning Spi  Summ/Air       59%        N/A       1%          4
A - Animate Dead          Necr           81%        N/A       1%          4
B - Blink                 Tloc           84%        N/A       1%          2
D - Death Channel         Necr           40%        N/A       1%          6
M - Martyr's Knell        Necr/Summ      73%        N/A       1%          4

Your spell library contained the following spells:

 Spells                   Type           Power      Damage    Failure   Level
 Necrotise                Necr           100%       1d9       0%          1
 Apportation              Tloc           84%        N/A       1%          1
 Call Imp                 Summ           100%       N/A       1%          2
 Cigotuvi's Dreadful Rot  Necr/Alch/Air  100%       N/A       1%          2
 Mercury Vapours          Alch/Air       76%        N/A       1%          2
 Fugue of the Fallen      Necr           81%        N/A       1%          3
 Vampiric Draining        Necr           81%        2d11      1%          3
 Volatile Blastmotes      Fire/Tloc      100%       2d18      1%          3
 Anguish                  Hex/Necr       29%        N/A       1%          4
 Curse of Agony           Necr           81%        N/A       1%          5
 Magic Dart               Conj           80%        1d7       2%          1
 Sting                    Conj/Alch      80%        1d8       2%          1
 Ensorcelled Hibernation  Hex/Ice        40%        N/A       3%          2
 Borgnjor's Vile Clutch   Necr/Erth      29%        N/A       4%          5
 Frozen Ramparts          Ice            40%        1d7       7%          3
 Ignite Poison            Fire/Alch      38%        N/A       7%          4
 Iskenderun's Mystic Bla  Conj/Tloc      31%        2d8       11%         4
 Cause Fear               Hex            10%        N/A       24%         4
 Fulminant Prism          Conj/Alch      10%        3d8       24%         4
 Leda's Liquefaction      Alch/Erth      10%        N/A       24%         4
 Olgreb's Toxic Radiance  Alch           20%        N/A       24%         4
 Petrify                  Alch/Erth      20%        N/A       24%         4
 Freezing Cloud           Conj/Ice/Air   16%        6-21      28%         5
 Metabolic Englaciation   Hex/Ice        10%        N/A       54%         5
 Enfeeble                 Hex            10%        N/A       100%        7


Dungeon Overview and Level Annotations

Branches:
Dungeon (13/15)            Temple (0/1) D:6            Lair (1/5) D:8
    Orc (1/2) D:11         Vaults (0/5) D:13         Bailey (visited)

Altars:
Ashenzari
Cheibriados
Dithmenos
Elyvilon
Gozag
Kikubaaqudgha
Makhleb
Nemelex Xobeh
Qazlal
Trog
Uskayaw
Vehumet
Wu Jian
Xom
Zin
The Shining One

Shops:
D:13 =

Portals:
Trove: D:13 (lose all piety)

Annotations:
D:4 1 runed translucent door, Palms's ghost, weakling DsSh
Lair:1 Jeremiah


Innate Abilities, Weirdness & Mutations

You have sharp claws.
You have razor-sharp teeth.
You have supernaturally acute eyesight. (SInv)
Your thick and shaggy fur keeps you warm. (AC +3, rC+)
Your paws help you pounce on unaware monsters.
You are incapable of wielding weapons or throwing items.
You cannot wear armour.
You gain extra lives every three experience levels.


Message History

Okay, then.
An orc warrior comes into view.
The orc warrior shouts!
Kikubaaqudgha calls piteous wretches from the earth!
The orc priest closely misses your inugami.
Your spectral orc hits the orc priest.
Your spectral orc hits the orc priest but does no damage.
Your inugami hits the orc priest!
The orc priest dies!
Kikubaaqudgha accepts your kill.
A glowing mist starts to gather...
Your spectral orc warrior misses the orc priest.
Your spectral orc priest barely misses the orc priest.
The orc priest hits your spectral orc with a +0 club.
The helpless orc warrior fails to defend itself.
You mangle the orc warrior!!
You kill the orc warrior!
That felt strangely unrewarding.
A glowing mist starts to gather...
The orc priest hits your inugami but does no damage.
Your spectral orc priest closely misses the orc priest.
Your spectral orc barely misses the orc priest.
Your spectral orc hits the orc priest but does no damage.
Your inugami hits the orc priest!
The orc priest barely misses your inugami.
Your spectral orc warrior hits the orc priest.
The orc priest hits your spectral orc with a +0 club.
It was a potion of cancellation.
Your magical effects are unravelling.
You feel magically purged.
Your unholy channel expires.
Your spectral orc priest fades into mist! x2
Your spectral orc wizard fades into mist!
Your spectral orc fades into mist! x2
Your spectral orc warrior fades into mist! x2
Your spectral orc fades into mist!
The orc priest misses your inugami.
The orc priest mumbles some strange prayers to Beogh against you.
Beogh smites you!
You die...
Kikubaaqudgha rasps: "You have failed me!
Welcome... death!"

............#.........#
............#.#.....#.#
......Z.....#.........#
............#.#..))o#.#
.....#.Z....#..oo$....#
#...##...#..#.#$hW..#.#
.....##Z#####....)....#
##...#Z## #.#†8)..#.#
###.....# #...@.....#
###.Z#.## #.#.....#.#
#....### #.........#
..Z.## ####')'####.
..##### ##8...8##..
.#..#.## #............
.......## ##.....##....
........## ##.....#....
.........##
#...........


You could see 3 orc priests, a friendly lightning spire (summoned, sheltered), a
friendly martyred shade (summoned) and a friendly inugami (summoned, sheltered).

Vanquished Creatures
  An ettin (Orc:1)
  A hydra (Lair:1)
  2 two-headed ogres
  An orc sorcerer (Orc:1)
  2 cyclopes
  3 trolls
  Sigmund (D:2)
  A wyvern (D:8)
  4 nameless horrors
  5 yaks
  A vampire (D:12)
  A slime creature zombie (D:12)
  2 wargs (Orc:1)
  A steam dragon (D:6)
  Edmund (D:5)
  A water moccasin (D:6)
  Duvessa (D:7)
  5 orc warriors
  An ice beast (D:5)
  A sky beast (D:8)
  A wolf (Lair:1)
  A centaur (D:9)
  A bullfrog (D:8)
  2 gnoll sergeants
  A scorpion (D:8)
  3 wights (D:9)
  A troll zombie (D:12)
  8 killer bees
  A howler monkey (D:13)
  3 orc priests
  An iguana (D:6)
  3 orc wizards
  3 killer bee zombies (D:10)
  5 gnolls
  3 orc zombies
  An ufetubus (D:6)
  6 orcs
  An endoplasm (D:2)
  A giant cockroach (D:2)
  2 goblins (D:2)
  A hobgoblin (Bailey)
  8 kobolds
  A ball python (D:3)
  A frilled lizard (D:1)
  A kobold zombie (Bailey)
  3 rats
99 creatures vanquished.

Vanquished Creatures (collateral kills)
  Gastronok (Orc:1)
  3 orc warlords
  An ironbound preserver (D:13)
  An entropy weaver (shapeshifter) (D:13)
  A rakshasa (D:13)
  Harold (D:11)
  A vault guard (D:13)
  4 centaur warriors (D:13)
  2 boulder beetles
  2 two-headed ogres
  Pikel (D:5)
  An orc knight (D:11)
  2 deep elf pyromancers (D:13)
  Maurice (Orc:1)
  An ugly thing (D:12)
  A manticore (D:13)
  3 cyclopes (D:13)
  4 kobold blastminers (Orc:1)
  3 meliai (D:13)
  A gargoyle (D:12)
  2 efreet (D:13)
  A rime drake (Lair:1)
  3 kobold demonologists
  A komodo dragon (D:11)
  3 trolls
  5 slime creatures (D:12)
  2 shadows
  3 wraiths
  3 nameless horrors
  2 wyverns
  2 vampires
  2 yaks
  A warg (Orc:1)
  Menkaure (D:6)
  6 vampire mosquitoes
  2 acid dragons
  2 water moccasins (D:8)
  A black bear (D:8)
  An ice beast (D:6)
  A sky beast (D:7)
  A laughing skull (D:13)
  4 ogres
  13 orc warriors
  2 wolves (Lair:1)
  4 centaurs
  A phantom (D:6)
  A kobold brigand (D:10)
  8 bullfrogs
  2 scorpions
  5 wights (D:9)
  Dowan (D:7)
  16 killer bees
  2 bombardier beetles (D:5)
  6 howler monkeys
  A lava snake (D:10)
  3 hounds
  12 orc priests
  A jelly (D:3)
  An iguana (D:5)
  9 orc wizards
  12 gnolls
  4 adders
  A white imp (D:7)
  An ufetubus (D:6)
  7 dart slugs
  A ribbon worm (D:3)
  52 orcs
  9 endoplasms
  3 giant cockroaches
  5 goblins
  6 hobgoblins
  18 kobolds
  2 quokkas
  7 ball pythons
  3 bats
  3 frilled lizards (D:3)
  5 rats
311 creatures vanquished.

Vanquished Creatures (others)
  An arcanist (D:6)
  2 centaur zombies (D:13)
  A human zombie (D:13)
  2 slime creature zombies (D:12)
  2 two-headed ogre zombies
  A manticore zombie (D:13)
  2 cyclops zombies
  2 warg zombies (Orc:1)
  A troll zombie (Orc:1)
  2 yak zombies (D:9)
  A bullfrog zombie (D:9)
  An ogre zombie (Orc:1)
  A vine stalker zombie (Orc:1)
  A howler monkey zombie (D:11)
  3 elf zombies
  2 hobgoblin zombies (Bailey)
  8 kobold zombies
  34 orc zombies
  45 blazeheart cores
112 creatures vanquished.

Grand Total: 522 creatures vanquished

Notes
Turn   | Place    | Note
-------+----------+-------------------------------------------
     0 | D:1      | croobank the Felid Summoner began the quest for the Orb.
     0 | D:1      | Reached XP level 1. HP: 9/9 MP: 4/4
   129 | D:1      | Reached XP level 2. HP: 14/14 MP: 6/6
   132 | D:1      | Learned a level 2 spell: Call Imp
   290 | D:1      | Reached XP level 3. HP: 17/17 MP: 4/7
   357 | D:1      | Reached skill level 1 in Fighting
   508 | D:1      | Learned a level 3 spell: Call Canine Familiar
   671 | D:2      | Noticed Sigmund
   895 | D:2      | Found a snail-covered altar of Cheibriados.
  1549 | D:2      | Killed Sigmund
  1550 | D:2      | Reached XP level 4. HP: 23/23 MP: 7/9
  1550 | D:2      | Gained a life (2 lives remaining)
  1550 | D:2      | Reached XP level 5. HP: 26/26 MP: 7/10
  1571 | D:2      | Learned a level 4 spell: Summon Blazeheart Golem
  1943 | D:3      | Gained mutation: You are covered in thick fur. (AC +2)
                  | [Felid growth]
  1943 | D:3      | Reached XP level 6. HP: 30/30 MP: 11/11
  2254 | D:3      | Found an opulent altar of Gozag.
  2526 | D:4      | Found a runed translucent door.
  2527 | D:4      | Noticed Palms's ghost (weakling DsSh)
  2547 | D:4      | Found a radiant altar of Vehumet.
  2677 | D:4      | Reached skill level 5 in Stealth
  2693 | D:4      | Found a stormy altar of Qazlal.
  2973 | D:4      | Noticed a two-headed ogre
  2986 | D:5      | Entered Level 5 of the Dungeon
  2989 | D:5      | Noticed Edmund
  3000 | D:5      | Killed Edmund
  3001 | D:5      | Reached skill level 5 in Summonings
  3001 | D:5      | Reached XP level 7. HP: 31/35 MP: 9/13
  3021 | D:5      | Noticed a nameless horror
  3026 | D:5      | Reached skill level 5 in Dodging
  3030 | D:5      | Killed a nameless horror
  3105 | D:5      | Noticed a nameless horror
  3121 | D:5      | Killed a nameless horror
  3130 | D:5      | Learned a level 4 spell: Summon Lightning Spire
  3326 | D:5      | Found an ancient bone altar of Kikubaaqudgha.
  3434 | D:5      | Became a worshipper of Kikubaaqudgha
  3484 | D:5      | Reached XP level 8. HP: 41/41 MP: 4/16
  4088 | D:5      | You fall into a shaft and drop 2 floors!
  4131 | D:7      | Found a burning altar of Makhleb.
  4160 | D:7      | Reached skill level 1 in Necromancy
  4170 | D:7      | Learned a level 2 spell: Blink
  4172 | D:7      | Noticed a nameless horror
  4187 | D:7      | Killed a nameless horror
  4306 | D:7      | Reached skill level 5 in Spellcasting
  4429 | D:7      | Reached skill level 1 in Translocations
  4637 | D:6      | Noticed Menkaure
  4646 | D:6      | Noticed a nameless horror
  4657 | D:7      | Found Jinir's Distillery.
  4779 | D:6      | Found a staircase to the Ecumenical Temple.
  4923 | D:5      | Noticed Pikel
  4930 | D:5      | Killed Pikel
  4931 | D:5      | Reached XP level 9. HP: 46/46 MP: 9/18
  5000 | D:5      | Found a white marble altar of Elyvilon.
  5201 | D:6      | Killed Menkaure
  5206 | D:6      | Reached * piety under Kikubaaqudgha
  5206 | D:6      | Received a gift from Kikubaaqudgha
  5220 | D:6      | Slain by a nameless horror
  5220 | D:6      | Lost a life (1 life remaining)
  5431 | D:6      | Noticed a nameless horror
  5480 | D:6      | Reached skill level 1 in Fire Magic
  5480 | D:6      | Reached skill level 1 in Air Magic
  5490 | D:6      | Killed a nameless horror
  5831 | D:6      | Found a bloodstained altar of Trog.
  5917 | D:6      | Killed a nameless horror
  6111 | D:6      | Noticed a wizard
  6117 | D:6      | Killed a wizard
  6175 | D:7      | Noticed Dowan
  6176 | D:7      | Noticed Duvessa
  6587 | D:8      | Found a staircase to the Lair.
  6631 | D:8      | Found a flagged portal.
  6636 | D:8      | Identified the +6 hand axe of Deflation {freeze, Int+2}
  6652 | D:8      | Reached XP level 10. HP: 26/51 MP: 14/19
  6652 | D:8      | Gained a life (2 lives remaining)
  6668 | Lair:1   | Entered Level 1 of the Lair of Beasts
  6668 | Lair:1   | Noticed a five-headed hydra
  6682 | Lair:1   | Killed a five-headed hydra
  6683 | Lair:1   | Reached skill level 5 in Fire Magic
  6683 | Lair:1   | Reached skill level 5 in Air Magic
  6836 | Lair:1   | Noticed Jeremiah
  7020 | D:8      | Reached ** piety under Kikubaaqudgha
  7061 | Bailey   | Entered a bailey
  7140 | Bailey   | Noticed an orc warlord
  7180 | Bailey   | Learned a level 4 spell: Animate Dead
  7265 | Bailey   | Found a runed translucent gate.
  7267 | Bailey   | Found a runed translucent gate.
  7268 | Bailey   | Found a runed translucent gate.
  7370 | Bailey   | Killed an orc warlord
  7469 | Bailey   | Reached XP level 11. HP: 54/54 MP: 20/20
  7661 | D:7      | Noticed a cacodemon
  7665 | D:7      | Found a glowing silver altar of Zin.
  7666 | D:7      | Noticed an angel
  7704 | D:7      | Killed Duvessa
  7709 | D:7      | Your ally Duvessa died
  7716 | D:7      | Killed Dowan
  7749 | D:7      | Bought a potion of heal wounds for 75 gold pieces
  7749 | D:7      | Bought a potion of curing for 45 gold pieces
  7749 | D:7      | Bought a potion of might for 60 gold pieces
  7749 | D:7      | Bought a potion of curing for 45 gold pieces
  7749 | D:7      | Bought a potion of ambrosia for 120 gold pieces
  7749 | D:7      | Bought a potion of resistance for 150 gold pieces
  7749 | D:7      | Bought a potion of curing for 45 gold pieces
  8079 | D:8      | Reached skill level 10 in Necromancy
  8286 | D:9      | Found a shimmering altar of Xom.
  8286 | D:9      | Found a sparkling altar of Nemelex Xobeh.
  8923 | D:9      | Found a broken altar of Ashenzari.
  8926 | D:9      | Found a glowing golden altar of the Shining One.
  8930 | D:9      | Found a shadowy altar of Dithmenos.
  9045 | D:9      | Noticed a two-headed ogre
  9050 | D:9      | Killed a two-headed ogre
  9059 | D:9      | Gained mutation: Your thick and shaggy fur keeps you warm.
                  | (AC +3, rC+) [Felid growth]
  9059 | D:9      | Reached XP level 12. HP: 58/58 MP: 23/23
  9064 | D:9      | Learned a level 4 spell: Martyr's Knell
  9067 | D:9      | Reached *** piety under Kikubaaqudgha
  9067 | D:9      | Received a gift from Kikubaaqudgha
  9283 | D:9      | Found an ornate altar of the Wu Jian Council.
  9376 | D:10     | Entered Level 10 of the Dungeon
 10311 | D:10     | Found a hide-covered altar of Uskayaw.
 10403 | D:10     | Noticed a two-headed ogre
 10413 | D:10     | Killed a two-headed ogre
 11152 | D:11     | Found a staircase to the Orcish Mines.
 11177 | D:11     | HP: 1/58 [orc warrior/bolt of acid (18)]
 11185 | D:11     | Reached **** piety under Kikubaaqudgha
 11261 | D:12     | Mangled by a white ugly thing
 11261 | D:12     | Lost a life (1 life remaining)
 11290 | D:13     | Noticed a centaur warrior
 11295 | D:13     | Killed a centaur warrior
 11471 | D:12     | Learned a level 6 spell: Death Channel
 12184 | D:12     | Noticed a boulder beetle
 12208 | D:12     | Killed a boulder beetle
 12232 | D:12     | Noticed a two-headed ogre
 12240 | D:12     | Killed a two-headed ogre
 12241 | D:12     | Reached skill level 10 in Spellcasting
 12517 | D:11     | Noticed Harold
 12541 | D:11     | Killed Harold
 13414 | D:13     | Noticed a centaur warrior
 13429 | D:13     | Killed a centaur warrior
 13514 | D:13     | Reached XP level 13. HP: 5/63 MP: 24/28
 13514 | D:13     | Gained a life (2 lives remaining)
 13632 | D:13     | HP: 2/63 [efreet/fireball (14)]
 13634 | D:13     | Killed from afar by an efreet
 13634 | D:13     | Lost a life (1 life remaining)
 13853 | D:13     | Noticed an ironbound preserver
 13873 | D:13     | Killed an ironbound preserver
 13899 | D:13     | Found a gate to the Vaults.
 14241 | D:13     | Found Guuwn's Jewellery Shoppe.
 14380 | D:13     | Found a portal to a secret trove of treasure.
 14760 | Orc:1    | Entered Level 1 of the Orcish Mines
 14760 | Orc:1    | Noticed an orc warlord
 14773 | Orc:1    | HP: 1/60 [orc warrior/arrow[an orc warlord] (7)]
 14774 | Orc:1    | Found a radiant altar of Vehumet.
 14791 | Orc:1    | Reached ***** piety under Kikubaaqudgha
 14795 | Orc:1    | HP: 2/63 [warg[an orc warlord] (15)]
 14797 | Orc:1    | Noticed Maurice
 14810 | Orc:1    | HP: 2/63 [orc warrior/arrow (10)]
 14886 | Orc:1    | Killed an orc warlord
 15080 | Orc:1    | Noticed an ettin
 15085 | Orc:1    | Noticed an orc warlord
 15089 | Orc:1    | Killed an ettin
 15098 | Orc:1    | Maurice stole a ring of protection from cold
 15099 | Orc:1    | Mangled by an orc warrior
 15099 | Orc:1    | Lost a life (0 lives remaining)
 15122 | Orc:1    | Killed an orc warlord
 15140 | Orc:1    | Killed Maurice
 15321 | Orc:1    | Your ally Maurice died
 15341 | Orc:1    | Noticed Gastronok
 15371 | Orc:1    | Killed Gastronok
 15447 | Orc:1    | Killed from afar by an orc priest

Illustrated notes

Levels and vault maps discovered:
D:1:      eino_arrival_cavern_e, layout_rooms
D:2:      layout_basic, basic_altar, grunt_decor_fettered, nrook_campfire,
          minivault_27, uniq_sigmund
D:3:      layout_basic, mainiacjoe_overflow_paths, minmay_gold_behind_fungi,
          lexackson_kobold_supper
D:4:      layout_rooms, lemuel_crystal_altar, nicolae_qazlal_scattered_showers,
          ebering_ghost_inner_flame
D:5:      layout_basic, elyvilon_altar_3, mainiacjoe_overflow_cross_hatched,
          uniq_pikel, uniq_edmund
D:6:      layout_cave_pools, trog_wizard, minmay_temple_entry_junction,
          uniq_menkaure
D:7:      layout_rooms, grunt_temple_overflow_order_and_chaos_2, serial_shops,
          nicolae_shop_competitors_out_of_business, dk_vineyard_2, uniq_duvessa
D:8:      layout_gridville, due_lair_maze_entry_diamond, enter_bailey_2
D:9:      layout_basic, minitemple, mainiacjoe_overflow_catwalk,
          mainiacjoe_overflow_divided_tiny, minmay_tree_intersection
D:10:     layout_roguey, nicolae_uskayaw_suspiria
D:11:     layout_loops_ring, david_orc_5, uniq_harold
D:12:     layout_irregular_city
D:13:     layout_roguey, skrybe_vaults_entry_preservation, enter_trove_5,
          serial_shops, shop
Lair:1:   layout_big_grid, uniq_jeremiah
Orc:1:    layout_caves, basic_altar, minmay_orc_temple_b, uniq_maurice,
          uniq_gastronok

Skill      XL: |  1  2  3  4  5  6  7  8  9 10 11 12 13 |
---------------+----------------------------------------+-----
Stealth        | 3 4 5 6 7 |  7.5
Dodging        | 3 4 5 6 7 |  7.0
Fighting       | 2 3 4 |  4.7
Spellcasting   | 3 4 5 6 10 13 | 13.3
Summonings     | 5 6 8 |  8.2
Necromancy     | 3 4 9 10 12 13 | 13.5
Translocations | 3 |  3.5
Fire Magic     | 4 5 |  5.9
Air Magic      | 4 5 |  5.9

Action                     |  1- 3 |  4- 6 |  7- 9 | 10-12 | 13-15 || total
---------------------------+-------+-------+-------+-------+-------++-------
  Melee: Unarmed           |    36 |     9 |    51 |    89 |    26 ||   211
         Bite              |     2 |     1 |     8 |    17 |     2 ||    30
         Punch             |       |     1 |       |     1 |       ||     2
   Cast: Summon Small Mamm |    25 |    18 |    37 |    21 |     8 ||   109
         Call Imp          |    10 |    12 |    33 |     7 |       ||    62
         Call Canine Famil |     7 |     8 |    20 |    25 |     6 ||    66
         Summon Blazeheart |       |     3 |    22 |    41 |    17 ||    83
         Summon Lightning  |       |       |    13 |    48 |    33 ||    94
         Blink             |       |       |     1 |       |     3 ||     4
         Animate Dead      |       |       |       |    31 |     8 ||    39
         Martyr's Knell    |       |       |       |    43 |    33 ||    76
         Death Channel     |       |       |       |    13 |    15 ||    28
 Invoke: Unearth Wretches  |       |       |       |       |     1 ||     1
  Evoke: Wand              |     3 |       |    12 |     1 |     2 ||    18
    Use: Potion            |     1 |     1 |     7 |     5 |    10 ||    24
         Scroll            |       |     1 |     8 |    11 |     6 ||    26
   Stab: Sleeping          |     5 |     3 |       |     1 |       ||     9
         Distracted        |       |     1 |       |       |       ||     1
         Paralysed         |       |       |       |       |     1 ||     1
 Armour: Skin              |    15 |     4 |    77 |    84 |    34 ||   214
  Dodge: Dodged            |    52 |    16 |   197 |   220 |    92 ||   577

Table legend: (Time is in decaauts)
 A = Elapsed time spent in this place.
 B = Non-inter-level travel time spent in this place.
 C = Inter-level travel time spent in this place.
 D = Time resting spent in this place.
 E = Time spent auto-exploring this place.
 F = Levels seen in this place.
 G = Mean time per level.
                   A        B        C        D        E       F      G
               +--------+--------+--------+--------+--------+-----+--------+
         Total |  15458 |  14959 |    499 |   2339 |   8285 |  16 |  966.1 |
       Dungeon |  13966 |  13468 |    498 |   1994 |   7851 |  13 | 1074.3 |
          Lair |    344 |    344 |      0 |    201 |     53 |   1 |  344.0 |
  Orcish Mines |    686 |    686 |      0 |     19 |    332 |   1 |  686.0 |
        Bailey |    461 |    461 |      0 |    125 |     49 |   1 |  461.0 |
               +--------+--------+--------+--------+--------+-----+--------+

Top non-repeatable levels by time:
    D:10: 1776 daAuts
    D:13: 1436 daAuts
     D:6: 1368 daAuts
    D:12: 1121 daAuts
     D:9: 1101 daAuts
    D:11: 1052 daAuts
     D:5: 1032 daAuts
     D:2: 966 daAuts
     D:7: 921 daAuts
     D:4: 914 daAuts
     D:3: 852 daAuts
     D:8: 717 daAuts
     D:1: 704 daAuts
   Orc:1: 686 daAuts
  Bailey: 461 daAuts
